 Dungeon Crawl Stone Soup version 0.18.1-6-gd335043 (webtiles) character file.

31 m0ast the Grasshopper (level 3, -3/27 (29) HPs)
             Began as a Ghoul Warper on May 16, 2016.
             Slain by a gnoll
             ... wielding a +0 spear
              (7 damage)
             ... on level 2 of the Dungeon.
             The game lasted 00:14:07 (939 turns).

m0ast the Grasshopper (Ghoul Warper)                 Turns: 939, Time: 00:14:08

HP:   -3/27 (29)    AC:  3    Str: 14    XL:     3   Next: 22%
MP:   4/4           EV:  6    Int:  8    God:
Gold: 73            SH:  0    Dex:  9    Spells: 1 memorised, 4 levels left

rFire  . . .     SeeInvis .       - Unarmed
rCold  + . .     Gourm    .     a - +0 leather armour
rNeg   + + +     Faith    .     (no shield)
rPois  ∞         Spirit   .     (no helmet)
rElec  .         Dismiss  .     (no cloak)
rCorr  .         Reflect  .     (no gloves)
SustAt .         Harm     .     (no boots)
MR     .....                    (no amulet)
Stlth  +.........               (no ring)
                                (no ring)

@: rotting, not resistant to hostile enchantments, very unstealthy
A: rotting body, claws 1, carnivore 3, cold resistance 1, negative energy
resistance 3, slow regeneration 1, torment resistance, unbreathing
a: no special abilities


You were on level 2 of the Dungeon.
You were not hungry.

You visited 1 branch of the dungeon, and saw 2 of its levels.

You collected 73 gold pieces.

Inventory:

Missiles
 d - 5 tomahawks of dispersal (quivered)
 r - 17 poisoned needles
Armour
 a - a +0 leather armour (worn)
 e - a +0 robe
 n - a +0 ring mail
Jewellery
 h - an uncursed ring of fire {unknown}
 q - an uncursed ring of see invisible {unknown}
Scrolls
 c - a scroll of blinking
 g - a scroll of identify {unknown}
 j - a scroll of random uselessness {unknown}
 m - a scroll of fear {unknown}
Potions
 i - 2 potions of magic {unknown}
 k - a potion of agility {unknown}
 l - a potion of curing {unknown}
 p - a potion of resistance {unknown}
Books
 b - a book of Spatial Translocations

   Spells                             Type                      Level
   a - Apportation                    Translocation                1
   b - Blink                          Translocation                2
   c - Shroud of Golubria             Charms/Translocation         2
   d - Portal Projectile              Translocation                3
   e - Teleport Other                 Translocation                3
   f - Passage of Golubria            Translocation                4
Comestibles
 f - 2 meat rations
 o - 3 chunks of flesh


   Skills:
 + Level 2.1 Fighting
 + Level 0.8 Throwing
 + Level 1.1 Armour
 + Level 2.1 Dodging
 + Level 2.6 Unarmed Combat
 + Level 1.9 Spellcasting
 + Level 3.1 Translocations


You had 4 spell levels left.
You knew the following spells:

 Your Spells              Type           Power        Failure   Level  Hunger
a - Apportation           Tloc           #.........   14%         1    ##.....


Dungeon Overview and Level Annotations

Branches:
Dungeon (1/15)

Altars:


Innate Abilities, Weirdness & Mutations

Your body is rotting away.
You thrive on raw meat.
You are immune to poison.
You have sharp fingernails.
You are carnivorous and can eat meat at any time.
Your flesh is cold resistant.
You are immune to negative energy.
You regenerate slowly when monsters are visible.
You are immune to unholy pain and torment.
You can survive without breathing.


Message History

The gnoll is moderately wounded.
The gnoll barely misses you.
You claw the gnoll!
The gnoll is almost dead.
The gnoll completely misses you.
The gnoll hits you from afar with a spear.
You scratch the gnoll.
You kill the gnoll!
Your Dodging skill increases to level 2!
You have reached level 3!
Your experience leads to an increase in your attributes!
Increase (S)trength, (I)ntelligence, or (D)exterity?
You feel agile.
The gnoll hits you from afar with a spear.
* * * LOW HITPOINT WARNING * * *
There is a stone staircase leading down here.
The gnoll hits you with a whip.
* * * LOW HITPOINT WARNING * * *
The gnoll hits you from afar with a spear!
You die...

#+# #.# #.# ##.##
##...####
.####.......#
g........##.#####.#
.#####..#...gg@...#
#..#.#.#######
#....#.# #..###.#
#..# #.# #..###.# #
#......# # ##.#####
####### #.#


You could see 2 gnolls.

Vanquished Creatures
  A gnoll (D:2)
  2 bats
  2 giant cockroaches (D:1)
  3 goblins (D:1)
  3 hobgoblins (D:1)
  2 kobolds (D:1)
  A quokka (D:2)
  2 giant newts (D:1)
  6 rats
22 creatures vanquished.

Vanquished Creatures (others)
  3 jackals (D:1)
3 creatures vanquished.

Grand Total: 25 creatures vanquished

Notes
Turn   | Place    | Note
--------------------------------------------------------------
     0 | D:1      | m0ast the Ghoul Warper began the quest for the Orb.
     0 | D:1      | Reached XP level 1. HP: 17/17 MP: 2/2
   141 | D:1      | Reached skill level 1 in Armour
   352 | D:1      | Reached skill level 3 in Translocations
   376 | D:1      | Reached XP level 2. HP: 16/23 MP: 3/3
   789 | D:1      | You fall through a shaft!
   937 | D:2      | Reached XP level 3. HP: 12/27 MP: 4/4
   939 | D:2      | Slain by a gnoll

Skill      XL: |  1  2 |
---------------+-------+-----
Armour         | 1 |  1.1
Translocations | 3 |  3.1
Dodging        | 2 |  2.1
Fighting       | |  2.1
Throwing       | |  0.8
Unarmed Combat | |  2.6
Spellcasting   | |  1.9

Action                   || total
-------------------------++-------
Melee: Unarmed           ||    81
       Punch             ||     2
Armor: Leather armour    ||    17
Dodge: Dodged            ||    44
